 Dungeon Sprint DCSS version 0.27-a0-679-g77a6b55cf3 (webtiles) character file.

Game seed: 14322011184044537999

367443 mhtbhm the Axe Maniac (level 21, -2/201 HPs)
             Began as a Minotaur Fighter on Mar 16, 2021.
             Was a High Priest of Trog.
             Slain by Asmodeus
             ... wielding the +7 sceptre of Asmodeus
              (40 damage)
             ... in the Dungeon (Sprint VII: "The Pits") on Mar 19, 2021.
             The game lasted 00:35:34 (13150 turns).

mhtbhm the Axe Maniac (Minotaur Fighter)           Turns: 13150, Time: 00:35:34

Health: -2/201     AC: 56    Str: 28    XL:     21   Next: 62%
Magic:  31/31      EV: 18    Int:  3    God:    Trog [*****.]
Gold:   106        SH: 35    Dex: 15    Spells: 20/20 levels left

rFire    + + .     SeeInvis +   a - +9 broad axe (vorpal)
rCold    + + .     Faith    .   c - +2 tower shield {AC+3}
rNeg     + + +     Spirit   .   b - +14 gold dragon scales
rPois    +         Reflect  +   t - +1 hat {SInv}
rElec    +         Harm     .   F - +1 cloak
rCorr    .         Rampage  +   B - +3 pair of gauntlets of War {Slay+5}
Will     +....     NoTele   +   v - +1 pair of boots {rampage}
Stlth    ++........             T - amulet of Pazipn {Reflect rPois Str+2 Dex+3 SH+5}
HPRegen  0.43/turn              g - ring of Sichue Izaq {rElec Dex+6}
MPRegen  0.22/turn              N - ring of Lusub {rF+ rC+ rN+++ Str-3 Dex-2}

@: berserk cooldown, slowed, very slow
A: horns 2, retaliatory headbutt, clumsy 1, deterioration 1, dopey 1, frail 1,
low mp 1, screaming 1, weak 1, subdued magic 1
}: 2/3 runes: golden, iron
a: Renounce Religion, Berserk, Trog's Hand, Brothers in Arms


You were in the Dungeon.
You worshipped Trog.
Trog was extremely pleased with you.
You visited 1 branch You collected 106 gold pieces.

Inventory:

Hand Weapons
 a - a +9 vorpal broad axe (weapon)
 j - the +14 obsidian axe {vorpal, *Drain +Fly SInv}
   (Trog gifted it to you in the Dungeon)

   It inflicts extra damage upon your enemies.
   It lets you see invisible.
   It lets you fly.
   It causes draining when unequipped.
 y - the +11 great sword of Poth {holy, rElec rN+ Will+}
   (You found it in the Dungeon)

   It has been blessed by the Shining One to cause great damage to the undead
   and demons.
   It insulates you from electricity.
   It protects you from negative energy.
   It affects your willpower, your defense against some magical effects.
 R - the +9 broad axe of Circular Logic {flame, rN++ Str-3}
   (You found it in the Dungeon)

   It has been specially enchanted to burn those struck by it, causing extra
   injury to most foes and up to half again as much damage against particularly
   susceptible opponents.
   Big, fiery blades are also staple armaments of hydra-hunters.
   It affects your strength (-3).
   It greatly protects you from negative energy.
Missiles
 u - 23 javelins (quivered)
 w - 10 curare-tipped darts
Armour
 b - +14 gold dragon scales (worn)
 c - a +2 tower shield of protection (worn)
 t - a +1 hat of see invisible (worn)
 v - a +1 pair of boots of rampaging (worn)
 B - the +3 pair of gauntlets of War (worn) {Slay+5}
   (You found it in the Dungeon)

   It affects your accuracy and damage with ranged weapons and melee attacks
   (+5).
 F - a +1 cloak (worn)
Jewellery
 g - the ring of Sichue Izaq (right hand) {rElec Dex+6}
   (You found it in the Dungeon)

   [ring of dexterity]

   It affects your dexterity (+6).
   It insulates you from electricity.
 H - the ring "Jueclac" {rCorr Int+5}
   (You found it in the Dungeon)

   [ring of resist corrosion]

   It affects your intelligence (+5).
   It provides partial protection from all sources of acid and corrosion.
 M - the amulet of Autumn {rN++ Regen+ Dex+4}
   (You found it in the Dungeon)

   [amulet of regeneration]

   It affects your dexterity (+4).
   It greatly protects you from negative energy.
   It increases your rate of regeneration.
 N - the ring of Lusub (left hand) {rF+ rC+ rN+++ Str-3 Dex-2}
   (You found it in the Dungeon)

   [ring of protection from fire]

   It affects your strength (-3).
   It affects your dexterity (-2).
   It protects you from fire.
   It protects you from cold.
   It renders you almost immune to negative energy.
 Q - the ring "Utimin" {rC- AC+4 Str+8 Dex-2}
   (You found it in the Dungeon)

   [ring of protection]

   It affects your AC (+4).
   It affects your strength (+8).
   It affects your dexterity (-2).
   It makes you vulnerable to cold.
 T - the amulet of Pazipn (around neck) {Reflect rPois Str+2 Dex+3 SH+5}
   (You found it in the Dungeon)

   [amulet of reflection]

   It shields you and reflects attacks.
   It affects your strength (+2).
   It affects your dexterity (+3).
   It protects you from poison.
   It affects your SH (+5).
 X - the ring "Intugag" {rC+ rN+ Dex+2}
   (You found it in the Dungeon)

   [ring of protection from cold]

   It affects your dexterity (+2).
   It protects you from cold.
   It protects you from negative energy.
Wands
 m - a wand of polymorph (7)
 O - a wand of iceblast (9)
Scrolls
 l - a scroll of summoning
 C - 4 scrolls of enchant armour
 D - 5 scrolls of fog
 E - 7 scrolls of identify
 G - 2 scrolls of fear
Potions
 d - 3 potions of might
 e - 9 potions of curing
 f - 2 potions of heal wounds
 h - 9 potions of magic
 i - 6 potions of berserk rage
 k - a potion of invisibility
 x - 2 potions of resistance
 z - 5 potions of mutation
 U - 5 potions of haste
 V - 2 potions of flight
Miscellaneous
 o - a lightning rod (4/4)
 r - a phial of floods
 A - a box of beasts
 J - a tin of tremorstones (2/2)
 L - the horn of Geryon
 S - a condenser vane


   Skills:
 O Level 27 Fighting
 - Level 2.9(17.6) Short Blades
 O Level 27 Long Blades
 O Level 27 Axes
 - Level 3.2(19.0) Maces & Flails
 - Level 3.2(19.0) Polearms
 - Level 3.2(4.4) Staves
 - Level 2.9(20.2) Slings
 - Level 2.9 Bows
 - Level 2.9 Crossbows
 O Level 27 Throwing
 O Level 27 Armour
 O Level 27 Dodging
 O Level 27 Stealth
 O Level 27 Shields
 - Level 2.6 Unarmed Combat
 + Level 22.4 Invocations
 O Level 27 Evocations


You had 20 spell levels left.
You didn't know any spells.
Your spell library was empty.

Dungeon Overview and Level Annotations

Branches:
Dungeon (1/1)

Altars:
Ashenzari
Cheibriados
Dithmenos
Elyvilon
Fedhas
Gozag
Hepliaklqana
Kikubaaqudgha
Makhleb
Nemelex Xobeh
Okawaru
Qazlal
Ru
Sif Muna
Trog
Uskayaw
Vehumet
Wu Jian
Xom
Yredelemnul
Zin
The Shining One
Beogh
Jiyva
Lugonu

Annotations:
D Asmodeus


Innate Abilities, Weirdness & Mutations

You have a pair of horns on your head.
You reflexively headbutt those who attack you in melee.
You are clumsy. (Dex -2)
Your body sometimes deteriorates upon taking damage.
You are dopey. (Int -2)
You are frail. (-10% HP)
Your magical capacity is low. (-10% MP)
You occasionally shout uncontrollably at your foes.
You are weak. (Str -2)
Your spells are a little easier to cast, but a little less powerful.


Message History

Unknown command.
Unknown command.
You feel much better.
Your skin stops crawling.
You feel less strong-willed.
You block the eldritch tentacle's attack.
The eldritch tentacle claws you but does no damage.
Your troll is engulfed in blazing flames.
Your troll bites Asmodeus.
Your troll claws Asmodeus but does no damage.
Your troll barely misses Asmodeus.
The Brimstone Fiend gestures at you.
The sphere of damnation explodes!
The damnation engulfs Asmodeus.
Asmodeus completely resists.
The damnation engulfs the Brimstone Fiend.
The Brimstone Fiend completely resists.
The damnation engulfs you!
* * * LOW HITPOINT WARNING * * *
The damnation engulfs your troll!!!
Your troll dies!
Your troll's corpse disappears in a puff of smoke!
Asmodeus misses you. You furiously retaliate!
You headbutt Asmodeus.
You block the eldritch tentacle's attack. x2
You feel much better.
You are engulfed in blazing flames.
You resist. The eldritch tentacle misses you.
You block the eldritch tentacle's attack.
You block Asmodeus's attack. You block the Brimstone Fiend's attack.
The Brimstone Fiend closely misses you. You block the Brimstone Fiend's attack.
The eldritch tentacle slaps you.
* * * LOW HITPOINT WARNING * * *
The eldritch tentacle claws you but does no damage.
Asmodeus misses you.
Unknown command.
Your troll goes berserk!
You are engulfed in blazing flames.
You resist.
* * * LOW HITPOINT WARNING * * *
The Brimstone Fiend hits you but does no damage.
You block the Brimstone Fiend's attack. x2
The eldritch tentacle slaps you but does no damage.
The eldritch tentacle completely misses you.
Asmodeus hits you with the +7 sceptre of Asmodeus!!!
You die...

##.......... ##.........##
##.......[)..
##...........###.....###)..#
#.............#....###......
#.........(...(...##........
#................##......)..
#............((..#..........
#......0.○○°w(...#.......)..
#......)..&@.\...#.........)
#........○1...*..##.........
#...........T(....##........
#.............#....###...)..
##...........###.....###..[#
##.........## ##)..........
##.......## ##.........[
######### ###########


You could see Asmodeus (strong, clouds), an eldritch tentacle, a Brimstone Fiend
(summoned, strong) and a friendly troll (summoned, berserk).

Vanquished Creatures
  Gloorx Vloq (D)
  Mnoleg (D)
  An orb of fire (D)
  7 ancient liches (D)
  Mennas (D)
  Mara (D)
  4 pandemonium lords (D)
  6 royal mummies (D)
  Boris (D)
  Frederick (D)
  the Lernaean hydra (D)
  Xtahua (D)
  2 curse toes (D)
  Geryon (D)
  Nikola (D)
  A pearl dragon (D)
  4 bone dragons (D)
  3 electric golems (D)
  A Brimstone Fiend (D)
  7 Tzitzimimeh (D)
  A hellephant (D)
  A tentacled monstrosity (D)
  5 Hell Sentinels (D)
  3 Ice Fiends (D)
  25 Orb Guardians (D)
  10 liches (D)
  2 deep elf blademasters (D)
  4 deep elf master archers (D)
  A quicksilver dragon (D)
  6 titans (D)
  An acid blob (D)
  2 sphinxes (D)
  2 Executioners (D)
  Agnes (D)
  A death cob (D)
  Gastronok (D)
  4 shadow dragons (D)
  2 storm dragons (D)
  2 daevas (D)
  A nagaraja (D)
  2 rockslimes (D)
  3 fire giants (D)
  A draconian knight (D)
  A draconian scorcher (D)
  A draconian shifter (D)
  3 deep elf sorcerers (D)
  Aizul (D)
  A ghost moth (D)
  Louise (D)
  An angel (D)
  2 spriggan defenders (D)
  4 cacodemons (D)
  2 orc warlords (D)
  2 reapers (D)
  2 draconian annihilators (D)
  3 ghouls (D)
  A stone giant (D)
  3 black draconians (D)
  6 vampire knights (D)
  2 ophanim (D)
  A war gargoyle (D)
  2 purple draconians (D)
  A red draconian (D)
  A dire elephant (D)
  A minotaur (D)
  4 deep elf annihilators (D)
  3 deep elf demonologists (D)
  A deep elf death mage (D)
  A merfolk javelineer (D)
  A blizzard demon (D)
  3 green deaths (D)
  A fire dragon (D)
  9 mummy priests (D)
  A yaktaur captain (D)
  2 deep elf high priests (D)
  An ettin (D)
  2 ice dragons (D)
  A hydra (D)
  2 vault guards (D)
  3 naga warriors (D)
  2 ogre magi (D)
  A hell beast (D)
  A centaur warrior (D)
  2 alligators (D)
  3 hell hogs (D)
  2 iron elementals (D)
  A two-headed ogre (D)
  2 spriggan berserkers (D)
  7 death yaks (D)
  2 vampire magi (D)
  3 soul eaters (D)
  Urug (D)
  5 deep elf knights (D)
  2 fire crabs (D)
  Sonja (D)
  An iron troll (D)
  4 skeletal warriors (D)
  A deep troll (D)
  A death drake (D)
  8 orc knights (D)
  2 wizards (D)
  2 deep elf pyromancers (D)
  A phantasmal warrior (D)
  A lindwurm (D)
  2 orc sorcerers (D)
  3 deep elf zephyrmancers (D)
  2 cyclopes (D)
  A black mamba (D)
  2 molten gargoyles (D)
  Maurice (D)
  2 naga magi (D)
  A merfolk siren (D)
  A gargoyle (D)
  A kobold demonologist (D)
  4 hellions (D)
  An efreet (D)
  3 tormentors (D)
  A yaktaur (D)
  2 merfolk (D)
  2 wandering mushrooms (D)
  4 guardian mummies (D)
  2 polar bears (D)
  A jumping spider (D)
  2 hornets (D)
  A troll (D)
  5 dream sheep (D)
  A tarantella (D)
  2 wyverns (D)
  10 redbacks (D)
  A vampire (D)
  2 golden eyes (D)
  2 steam dragons (D)
  A chaos spawn (D)
  A warg (D)
  An acid dragon (D)
  A water moccasin (D)
  A floating eye (D)
  A swamp drake (D)
  Purgy (D)
  5 orc warriors (D)
  A sky beast (D)
  5 wolves (D)
  2 necrophages (D)
  An ogre (D)
  A phantom (D)
  3 kobold brigands (D)
  A scorpion (D)
  3 wights (D)
  A crimson imp (D)
  An orc priest (D)
  2 orc wizards (D)
  An iguana (D)
  3 worker ants (D)
  A hell rat (D)
  A white imp (D)
  An ooze (D)
  4 adder skeletons (D)
  A worm (D)
  An adder simulacrum (D)
  A leopard gecko (D)
  15 orcs (D)
  6 bat skeletons (D)
  5 bat zombies (D)
  A goblin (D)
  A quokka (D)
  4 bats (D)
  4 bat simulacra (D)
  A frilled lizard (D)
  2 giant cockroach simulacra (D)
  A giant cockroach zombie (D)
  2 jackal simulacra (D)
  2 kobolds (D)
  A leopard gecko simulacrum (D)
  3 leopard gecko skeletons (D)
  2 leopard gecko zombies (D)
  2 quokka zombies (D)
  A rat (D)
422 creatures vanquished.

Vanquished Creatures (collateral kills)
  Ereshkigal (D)
  An orb of fire (D)
  An ancient lich (D)
  A royal mummy (D)
  A curse toe (D)
  A Hell Sentinel (D)
  A hellephant (D)
  An Orb Guardian (D)
  A quicksilver dragon (D)
  2 deep elf blademasters (D)
  An acid blob (D)
  A daeva (D)
  An orc warlord (D)
  3 ghouls (D)
  A cacodemon (D)
  A vampire knight (D)
  2 green deaths (D)
  A mummy priest (D)
  A hell beast (D)
  A soul eater (D)
  A skeletal warrior (D)
  2 orc knights (D)
  2 guardian mummies (D)
  A merfolk (D)
  A bat simulacrum (D)
  A giant cockroach zombie (D)
  A leopard gecko zombie (D)
33 creatures vanquished.

Vanquished Creatures (others)
  A vampire knight (D)
  An orc knight (D)
  A merfolk (D)
  An orc (D)
  A leopard gecko simulacrum (D)
5 creatures vanquished.

Grand Total: 460 creatures vanquished

Notes
Turn   | Place    | Note
-------+----------+-------------------------------------------
     0 | D        | mhtbhm the Minotaur Fighter began the quest for the Orb.
     0 | D        | Reached XP level 1. HP: 19/19 MP: 0/0
    18 | D        | Found a bloodstained altar of Trog.
    18 | D        | Found a shimmering blue altar of Sif Muna.
    18 | D        | Found a viscous altar of Jiyva.
    18 | D        | Found a hazy altar of Hepliaklqana.
    18 | D        | Found an opulent altar of Gozag.
    19 | D        | Found a glowing golden altar of the Shining One.
    19 | D        | Found a glowing silver altar of Zin.
    19 | D        | Found a basalt altar of Yredelemnul.
    19 | D        | Found a shimmering altar of Xom.
    19 | D        | Found an ornate altar of the Wu Jian Council.
    19 | D        | Found a sacrificial altar of Ru.
    19 | D        | Found a stormy altar of Qazlal.
    19 | D        | Found an iron altar of Okawaru.
    19 | D        | Found a sparkling altar of Nemelex Xobeh.
    19 | D        | Found a burning altar of Makhleb.
    19 | D        | Found a blossoming altar of Fedhas.
    19 | D        | Found a white marble altar of Elyvilon.
    19 | D        | Found a shadowy altar of Dithmenos.
    19 | D        | Found a snail-covered altar of Cheibriados.
    21 | D        | Found a radiant altar of Vehumet.
    21 | D        | Found a corrupted altar of Lugonu.
    23 | D        | Became a worshipper of Trog the Wrathful
    76 | D        | Reached * piety under Trog
    81 | D        | Noticed a worker ant
    85 | D        | Killed a worker ant
    86 | D        | Reached skill level 5 in Fighting
    86 | D        | Reached skill level 5 in Armour
    86 | D        | Reached skill level 5 in Shields
    86 | D        | Reached XP level 2. HP: 22/29 MP: 1/1
    93 | D        | Reached ** piety under Trog
    94 | D        | Reached XP level 3. HP: 28/36 MP: 2/2
   182 | D        | Noticed a phantom
   183 | D        | Noticed a necrophage
   183 | D        | Noticed Purgy
   190 | D        | Killed a phantom
   190 | D        | Reached *** piety under Trog
   191 | D        | Reached skill level 1 in Dodging
   191 | D        | Reached XP level 4. HP: 45/45 MP: 3/3
   195 | D        | Killed a necrophage
   196 | D        | Reached XP level 5. HP: 53/53 MP: 4/4
   196 | D        | Killed Purgy
   196 | D        | Reached **** piety under Trog
   197 | D        | Reached XP level 6. HP: 50/62 MP: 5/5
   263 | D        | Noticed an orc sorcerer
   272 | D        | Paralysed by an orc sorcerer for 5 turns
   279 | D        | Killed an orc sorcerer
   280 | D        | Reached skill level 10 in Fighting
   280 | D        | Reached skill level 10 in Shields
   280 | D        | Reached XP level 7. HP: 42/73 MP: 6/6
   487 | D        | Reached ***** piety under Trog
   497 | D        | Received a gift from Trog
   498 | D        | Reached skill level 10 in Axes
   531 | D        | Noticed a kobold demonologist
   531 | D        | Noticed Maurice
   537 | D        | Killed Maurice
   537 | D        | Killed a kobold demonologist
   538 | D        | Reached skill level 10 in Armour
   538 | D        | Reached skill level 5 in Dodging
   538 | D        | Reached XP level 8. HP: 83/83 MP: 7/7
   651 | D        | Found a hide-covered altar of Uskayaw.
   651 | D        | Found an ancient bone altar of Kikubaaqudgha.
   651 | D        | Found a broken altar of Ashenzari.
   677 | D        | Noticed a merfolk siren
   684 | D        | Identified the +6 battleaxe of Hacow {flame, *Noise +Rage
                  | rElec Dex+2} (Trog gifted it to you in the Dungeon)
   684 | D        | Received a gift from Trog
   692 | D        | Killed a merfolk siren
   693 | D        | Reached XP level 9. HP: 74/90 MP: 8/8
   855 | D        | Noticed a deep elf pyromancer
   855 | D        | Noticed Agnes
   867 | D        | Killed Agnes
   868 | D        | Reached skill level 15 in Axes
   868 | D        | Reached XP level 10. HP: 98/101 MP: 9/9
   870 | D        | Killed a deep elf pyromancer
  1007 | D        | Reached ****** piety under Trog
  1021 | D        | Noticed an orc knight
  1024 | D        | Received a gift from Trog
  1034 | D        | Received a gift from Trog
  1035 | D        | Killed an orc knight
  1099 | D        | Noticed Urug
  1099 | D        | Noticed a deep elf death mage
  1099 | D        | Noticed Gastronok
  1108 | D        | Killed a deep elf death mage
  1109 | D        | Killed Urug
  1113 | D        | Killed the ghostly Urug
  1114 | D        | Killed a ghostly deep elf death mage
  1122 | D        | Killed Gastronok
  1123 | D        | Reached skill level 15 in Fighting
  1123 | D        | Reached XP level 11. HP: 64/113 MP: 10/10
  1401 | D        | Noticed a Tzitzimitl
  1409 | D        | HP: 4/154 [Tzitzimitl (4)]
  1410 | D        | Killed a Tzitzimitl
  1411 | D        | Reached skill level 1 in Stealth
  1779 | D        | Noticed an electric golem
  1789 | D        | Killed an electric golem
  1790 | D        | Reached skill level 15 in Shields
  1936 | D        | Noticed a deep elf pyromancer
  1938 | D        | Received a gift from Trog
  1952 | D        | Killed a deep elf pyromancer
  2236 | D        | Received a gift from Trog
  2269 | D        | Got the amulet of Osiheaq {Faith +Blink +Fly Slay-6}
  2316 | D        | Noticed Sonja
  2326 | D        | Noticed a deep troll
  2330 | D        | Received a gift from Trog
  2331 | D        | Reached XP level 12. HP: 126/126 MP: 11/11
  2343 | D        | Identified the +9 quarterstaff of Red Wine {vorpal, Str+6
                  | Int-4} (Trog gifted it to you in the Dungeon)
  2343 | D        | Received a gift from Trog
  2344 | D        | Killed Sonja
  2610 | D        | Noticed a death yak
  2616 | D        | Killed a death yak
  2618 | D        | Reached skill level 15 in Armour
  2697 | D        | Noticed a two-headed ogre
  2699 | D        | Received a gift from Trog
  2708 | D        | Received a gift from Trog
  2709 | D        | Killed a two-headed ogre
  2980 | D        | Noticed a shadow dragon
  2980 | D        | Noticed a spriggan defender
  2980 | D        | Noticed a hell hog
  2980 | D        | Noticed a hell hog
  2980 | D        | Noticed a hell hog
  2991 | D        | Killed a shadow dragon
  2996 | D        | Killed a spriggan defender
  2996 | D        | Received a gift from Trog
  2998 | D        | Reached skill level 1 in Evocations
  3001 | D        | Killed a hell hog
  3003 | D        | Killed a hell hog
  3006 | D        | Killed a hell hog
  3007 | D        | Reached XP level 13. HP: 110/139 MP: 12/12
  3008 | D        | Identified the +7 executioner's axe of Fuecwarui {flame,
                  | *Noise rF+ Str+6} (Trog gifted it to you in the Dungeon)
  3008 | D        | Received a gift from Trog
  3249 | D        | Noticed a titan
  3257 | D        | Killed a titan
  3439 | D        | Noticed a royal mummy
  3449 | D        | Killed a royal mummy
  3450 | D        | Reached skill level 10 in Dodging
  3477 | D        | Noticed a royal mummy
  3489 | D        | Killed a royal mummy
  3489 | D        | Received a gift from Trog
  3942 | D        | Noticed a merfolk javelineer
  3942 | D        | Noticed a death cob
  3942 | D        | Noticed an orc warlord
  3943 | D        | Noticed an orc warlord
  3954 | D        | Killed a death cob
  3956 | D        | Killed an orc warlord
  3956 | D        | Received a gift from Trog
  3958 | D        | Killed a merfolk javelineer
  3963 | D        | Killed an orc warlord
  3966 | D        | Received a gift from Trog
  3967 | D        | Reached XP level 14. HP: 155/155 MP: 13/13
  4091 | D        | Noticed a sphinx
  4102 | D        | Killed a sphinx
  4102 | D        | Received a gift from Trog
  4159 | D        | Got the +11 great sword of Poth {holy, rElec rN+ Will+}
  4255 | D        | Received a gift from Trog
  4535 | D        | Noticed Aizul
  4546 | D        | Received a gift from Trog
  4558 | D        | Killed Aizul
  4558 | D        | Noticed a deep elf sorcerer
  4561 | D        | Killed a deep elf sorcerer
  4569 | D        | Identified the +9 hand axe of Gin Humm {vorpal, rElec rC+
                  | Dex+4} (Trog gifted it to you in the Dungeon)
  4569 | D        | Received a gift from Trog
  4576 | D        | Identified the +12 hunting sling of the Hundredfold Spines
                  | {freeze, rElec rF+}
  4576 | D        | Noticed a vampire knight
  4579 | D        | Killed a vampire knight
  4584 | D        | Found the +3 pair of gauntlets of War {Slay+5}
  4587 | D        | Received a gift from Trog
  4601 | D        | Noticed a sphinx
  4611 | D        | Killed a sphinx
  4611 | D        | Received a gift from Trog
  4892 | D        | Noticed a daeva
  4892 | D        | Noticed a curse toe
  4892 | D        | Noticed a vampire knight
  4892 | D        | Noticed a nagaraja
  4892 | D        | Noticed a royal mummy
  4903 | D        | Killed a nagaraja
  4903 | D        | Received a gift from Trog
  4903 | D        | Killed a vampire knight
  4905 | D        | Killed a royal mummy
  4906 | D        | Reached XP level 15. HP: 92/170 MP: 14/14
  4906 | D        | Killed a curse toe
  4906 | D        | Received a gift from Trog
  4907 | D        | Upgraded the game from 0.27-a0-660-g90476cec82 to
                  | 0.27-a0-679-g77a6b55cf3
  4916 | D        | Killed a daeva
  5208 | D        | Noticed a royal mummy
  5220 | D        | Killed a royal mummy
  5278 | D        | Noticed an ancient lich
  5283 | D        | Killed an ancient lich
  5284 | D        | Reached skill level 27 in Axes
  5286 | D        | Noticed Geryon
  5304 | D        | Killed Geryon
  5304 | D        | Received a gift from Trog
  5305 | D        | Reached skill level 27 in Fighting
  5389 | D        | Noticed a bone dragon
  5395 | D        | Killed a bone dragon
  5438 | D        | Noticed Mennas
  5446 | D        | Killed Mennas
  5450 | D        | Noticed an Ice Fiend
  5457 | D        | Killed an Ice Fiend
  5613 | D        | Noticed a Hell Sentinel
  5621 | D        | Killed a Hell Sentinel
  5761 | D        | Noticed a royal mummy
  5771 | D        | Killed a royal mummy
  5771 | D        | Received a gift from Trog
  5772 | D        | Reached skill level 27 in Shields
  5772 | D        | Reached XP level 16. HP: 148/183 MP: 15/15
  5975 | D        | Noticed Innom the pandemonium lord
  5983 | D        | Killed Innom the pandemonium lord
  6168 | D        | Noticed Frederick
  6178 | D        | Killed Frederick
  6220 | D        | Noticed a titan
  6225 | D        | Killed a titan
  6277 | D        | Noticed a titan
  6281 | D        | Killed a titan
  6281 | D        | Received a gift from Trog
  6287 | D        | Noticed an orb of fire
  6287 | D        | Noticed a Tzitzimitl
  6293 | D        | Gained mutation: You are weak. (Str -2) [an orb of fire]
  6299 | D        | Killed an orb of fire
  6300 | D        | Reached skill level 27 in Armour
  6307 | D        | Killed a Tzitzimitl
  6674 | D        | Reached skill level 5 in Evocations
  6738 | D        | Noticed a Tzitzimitl
  6744 | D        | Killed a Tzitzimitl
  6745 | D        | Reached skill level 5 in Throwing
  6941 | D        | Noticed a Tzitzimitl
  6941 | D        | Noticed a curse toe
  6941 | D        | Noticed a deep elf master archer
  6945 | D        | Reached skill level 5 in Stealth
  6950 | D        | Killed a deep elf master archer
  6953 | D        | Identified the +8 dire flail of Fixation {vorpal, Will++
                  | Dex-4} (Trog gifted it to you in the Dungeon)
  6953 | D        | Received a gift from Trog
  6954 | D        | Killed a Tzitzimitl
  6959 | D        | Killed a curse toe
  7051 | D        | Noticed a Tzitzimitl
  7051 | D        | Noticed an electric golem
  7055 | D        | Killed an electric golem
  7060 | D        | Reached skill level 15 in Dodging
  7064 | D        | Killed a Tzitzimitl
  7065 | D        | Reached XP level 17. HP: 151/191 MP: 17/17
  7305 | D        | Noticed an acid blob
  7305 | D        | Noticed a Hell Sentinel
  7305 | D        | Noticed a tentacled monstrosity
  7313 | D        | Killed an acid blob
  7321 | D        | Killed a tentacled monstrosity
  7321 | D        | Received a gift from Trog
  7322 | D        | Reached skill level 10 in Throwing
  7322 | D        | Reached skill level 10 in Evocations
  7330 | D        | Killed a Hell Sentinel
  7350 | D        | Reached skill level 10 in Stealth
  7352 | D        | Noticed a Hell Sentinel
  7355 | D        | Killed a Hell Sentinel
  7389 | D        | Got the ring of Sichue Izaq {rElec Dex+6}
  7405 | D        | Got the ring "Zaklevea" {Wiz Int+4}
  7407 | D        | Got the ring "Eshed" {Fire Will+ Dex+4 SInv}
  7411 | D        | Got an iron rune of Zot
  7413 | D        | Got the ring "Kiest" {+Inv rN+ Int+5}
  7415 | D        | Got the amulet "Taduicom" {Reflect rElec rPois Slay-4 SH+5}
  7421 | D        | Got the ring "Zeklurch" {AC+4 SInv}
  7424 | D        | Got the ring "Cyditim" {Ice *Drain rN++ Will- Stlth+}
  7428 | D        | Got the +9 broad axe of Circular Logic {flame, rN++ Str-3}
  7545 | D        | Noticed an Ice Fiend
  7551 | D        | Killed an Ice Fiend
  7551 | D        | Received a gift from Trog
  7983 | D        | Noticed a Hell Sentinel
  7992 | D        | Killed a Hell Sentinel
  8107 | D        | Noticed an Ice Fiend
  8114 | D        | Killed an Ice Fiend
  8119 | D        | Got the ring "Ditsar" {rF+ rC- Str+7}
  8123 | D        | Got the ring "Jueclac" {rCorr Int+5}
  8127 | D        | Noticed a Tzitzimitl
  8133 | D        | Killed a Tzitzimitl
  8546 | D        | Noticed a bone dragon
  8549 | D        | Received a gift from Trog
  8559 | D        | Killed a bone dragon
  8610 | D        | Noticed a quicksilver dragon
  8612 | D        | Noticed a deep elf master archer
  8613 | D        | Noticed Mara
  8616 | D        | Gained mutation: You are frail. (-10% HP) [a cacodemon]
  8619 | D        | Killed a quicksilver dragon
  8619 | D        | Received a gift from Trog
  8624 | D        | Noticed mhtbhm's illusion
  8625 | D        | Killed a deep elf master archer
  8627 | D        | Noticed a deep elf blademaster
  8630 | D        | Killed Mara
  8644 | D        | Killed a deep elf blademaster
  8644 | D        | Received a gift from Trog
  8707 | D        | Noticed a deep elf master archer
  8707 | D        | Noticed a hellephant
  8709 | D        | Killed a deep elf master archer
  8710 | D        | Reached skill level 15 in Stealth
  8722 | D        | Killed a hellephant
  8847 | D        | Noticed Zeiwakuje the pandemonium lord
  8849 | D        | Noticed an acid blob
  8852 | D        | Received a gift from Trog
  8854 | D        | Killed an acid blob
  8863 | D        | Killed Zeiwakuje the pandemonium lord
  8864 | D        | Reached XP level 18. HP: 119/180 MP: 18/18
  8986 | D        | Received a gift from Trog
  8987 | D        | Found the +8 Vampire's Tooth {vamp}
  9170 | D        | Noticed Louise
  9170 | D        | Noticed a Brimstone Fiend
  9175 | D        | Received a gift from Trog
  9180 | D        | Killed Louise
  9185 | D        | Killed a Brimstone Fiend
  9412 | D        | Noticed Xtahua
  9418 | D        | Identified the +8 dagger of the Everdark {flame, Dex+5
                  | Stlth+} (Trog gifted it to you in the Dungeon)
  9418 | D        | Received a gift from Trog
  9419 | D        | Paralysed by Xtahua for 7 turns
  9431 | D        | Killed Xtahua
  9432 | D        | Received a gift from Trog
  9596 | D        | Got the ring "Zisaoxuodgh" {rC+ rN+ SInv}
  9598 | D        | Got the ring of Yendor {rF+ Will+ Str+2 SInv}
  9600 | D        | Got the amulet "Amelleso" {Acrobat *Contam Int+4 Dex+5}
  9602 | D        | Got the ring of Brilliance {Ice rPois rN+ Int-3}
  9604 | D        | Got the ring of Seqaf {rPois rC+}
  9606 | D        | Got the ring "Utimin" {rC- AC+4 Str+8 Dex-2}
  9608 | D        | Got the ring "Ziheinemm" {rF- Str+5 Int+6}
  9610 | D        | Got the amulet of Pazipn {Reflect rPois Str+2 Dex+3 SH+5}
  9624 | D        | Noticed the 27-headed Lernaean hydra
  9635 | D        | Killed the 26-headed Lernaean hydra
  9644 | D        | Received a gift from Trog
  9901 | D        | Noticed a lich
  9914 | D        | Killed a lich
  9914 | D        | Received a gift from Trog
  9984 | D        | Received a gift from Trog
 10142 | D        | Noticed a lich
 10150 | D        | Received a gift from Trog
 10159 | D        | Received a gift from Trog
 10162 | D        | Killed a lich
 10163 | D        | Reached skill level 27 in Stealth
 10172 | D        | Received a gift from Trog
 10173 | D        | Reached skill level 15 in Throwing
 10218 | D        | Received a gift from Trog
 10379 | D        | Got the ring "Kurappe" {Fire rElec rPois Str+5 Int-3}
 10381 | D        | Got the amulet of Autumn {rN++ Regen+ Dex+4}
 10395 | D        | Got the ring of Lusub {rF+ rC+ rN+++ Str-3 Dex-2}
 10519 | D        | Noticed Gloorx Vloq
 10523 | D        | Noticed Nikola
 10531 | D        | Reached skill level 15 in Evocations
 10535 | D        | Killed Gloorx Vloq
 10536 | D        | Gained mutation: Your magical capacity is low. (-10% MP) [a
                  | cacodemon]
 10537 | D        | Received a gift from Trog
 10538 | D        | Killed Nikola
 10539 | D        | Received a gift from Trog
 10543 | D        | Reached XP level 19. HP: 28/186 MP: 17/17
 10983 | D        | Noticed an ancient lich
 10987 | D        | Noticed an ancient lich
 10993 | D        | Killed an ancient lich
 10993 | D        | Received a gift from Trog
 10998 | D        | Received a gift from Trog
 10999 | D        | Received a gift from Trog
 11012 | D        | Received a gift from Trog
 11013 | D        | Found the +14 obsidian axe {vorpal, *Drain +Fly SInv}
 11015 | D        | Killed an ancient lich
 11025 | D        | Received a gift from Trog
 11051 | D        | Received a gift from Trog
 11055 | D        | Noticed a royal mummy
 11055 | D        | Noticed an ancient lich
 11059 | D        | Noticed a royal mummy
 11061 | D        | Killed an ancient lich
 11061 | D        | Received a gift from Trog
 11061 | D        | Killed a royal mummy
 11061 | D        | Noticed a bone dragon
 11064 | D        | Identified the +5 broad axe "Tobunaf" {vorpal, Dex+4} (Trog
                  | gifted it to you in the Dungeon)
 11064 | D        | Received a gift from Trog
 11065 | D        | Noticed a bone dragon
 11072 | D        | Received a gift from Trog
 11079 | D        | Killed a royal mummy
 11090 | D        | Killed a bone dragon
 11090 | D        | Received a gift from Trog
 11096 | D        | Killed a bone dragon
 11100 | D        | Noticed an ancient lich
 11106 | D        | Received a gift from Trog
 11107 | D        | Reached skill level 27 in Throwing
 11117 | D        | Killed an ancient lich
 11126 | D        | Identified the +7 war axe of Intimidation {vorpal, *Corrode
                  | +Rage Will+++ Int-3} (Trog gifted it to you in the Dungeon)
 11126 | D        | Received a gift from Trog
 11182 | D        | Got a golden rune of Zot
 11203 | D        | Got the ring "Intugag" {rC+ rN+ Dex+2}
 11446 | D        | Noticed Boris
 11455 | D        | Received a gift from Trog
 11456 | D        | Reached XP level 20. HP: 194/194 MP: 18/18
 11457 | D        | Killed Boris
 11459 | D        | Received a gift from Trog
 11473 | D        | Noticed Kischemn the pandemonium lord
 11486 | D        | Killed Kischemn the pandemonium lord
 11486 | D        | Received a gift from Trog
 11941 | D        | Paralysed by a floating eye for 2 turns
 12075 | D        | Received a gift from Trog
 12076 | D        | Gained mutation: You occasionally shout uncontrollably at
                  | your foes. [a cacodemon]
 12083 | D        | Reached skill level 27 in Evocations
 12089 | D        | Received a gift from Trog
 12376 | D        | Received a gift from Trog
 12379 | D        | Noticed a pearl dragon
 12385 | D        | Killed a pearl dragon
 12390 | D        | Reached skill level 27 in Dodging
 12390 | D        | Reached skill level 5 in Long Blades
 12390 | D        | Noticed an ancient lich
 12399 | D        | Reached skill level 10 in Long Blades
 12403 | D        | Killed an ancient lich
 12403 | D        | Received a gift from Trog
 12506 | D        | Reached skill level 15 in Long Blades
 12535 | D        | Noticed Ipez the pandemonium lord
 12544 | D        | Killed Ipez the pandemonium lord
 12570 | D        | Noticed an ancient lich
 12579 | D        | Noticed an orb of fire
 12583 | D        | Noticed a curse toe
 12584 | D        | Gained mutation: Your body sometimes deteriorates upon
                  | taking damage. [an orb of fire]
 12591 | D        | Gained mutation: You are dopey. (Int -2) [an orb of fire]
 12593 | D        | Gained mutation: Your spells are a little easier to cast,
                  | but a little less powerful. [an orb of fire]
 12598 | D        | Killed an orb of fire
 12598 | D        | Received a gift from Trog
 12600 | D        | Killed a curse toe
 12611 | D        | Killed an ancient lich
 12612 | D        | Reached XP level 21. HP: 55/201 MP: 19/19
 12644 | D        | Noticed Ereshkigal
 12665 | D        | Killed Ereshkigal
 12981 | D        | Noticed an ancient lich
 12992 | D        | Killed an ancient lich
 12992 | D        | Received a gift from Trog
 12993 | D        | Reached skill level 27 in Long Blades
 13018 | D        | Reached skill level 10 in Invocations
 13026 | D        | Received a gift from Trog
 13027 | D        | Reached skill level 15 in Invocations
 13109 | D        | Gained mutation: You are clumsy. (Dex -2) [a cacodemon]
 13114 | D        | Found the +7 sceptre of Asmodeus
 13114 | D        | Noticed Asmodeus
 13114 | D        | Noticed Mnoleg
 13123 | D        | Received a gift from Trog
 13142 | D        | Killed Mnoleg
 13147 | D        | HP: 7/201 [Brimstone Fiend/damnation[Asmodeus] (32)]
 13150 | D        | Slain by Asmodeus

Illustrated notes

Levels and vault maps discovered:
D:        pitsprint [storerooms_1, entrance_room_1, metal_vault_1, armoury_2,
          mini_pit_1, grid_room_1, main_hall_1, silver_pit, the_coven_1,
          the_vestibule_1, steel_vault_3, golden_pit, hallway_of_sentries,
          crystal_vault_4, iron_vault_1, final_vault]

Skill      XL: |  1  2  3  4  5  6  7  8  9 10 11 12 13 14 15 16 17 18 19 20 21 |
---------------+----------------------------------------------------------------+-----
Fighting       | 5 6 8 10 11 12 13 15 17 19 22 25 27 | 27.0
Armour         | 5 6 7 8 9 10 11 12 13 14 15 16 18 22 27 | 27.0
Shields        | 5 6 8 10 11 12 13 14 15 17 19 21 27 | 27.0
Axes           | 3 4 6 7 9 12 13 15 18 20 22 23 26 27 | 27.0
Dodging        | 1 2 3 5 6 9 11 12 15 19 21 27 | 27.0
Stealth        | 1 2 8 19 27 | 27.0
Evocations     | 1 3 9 13 16 22 27 | 27.0
Short Blades   | 2 |  2.9
Long Blades    | 3 24 27 | 27.0
Maces & Flails | 3 |  3.2
Polearms       | 3 |  3.2
Staves         | 3 |  3.2
Slings         | 2 |  2.9
Bows           | 2 |  2.9
Crossbows      | 2 |  2.9
Throwing       | 9 14 17 27 | 27.0
Unarmed Combat | 2 |  2.6
Invocations    | 2 22 | 22.4

Action                   |  1- 3 |  4- 6 |  7- 9 | 10-12 | 13-15 | 16-18 | 19-21 || total
-------------------------+-------+-------+-------+-------+-------+-------+-------++-------
Melee: Hand axe          |    21 |    20 |    17 |       |       |       |       ||    58
       Headbutt          |     4 |     7 |    10 |    22 |    51 |   114 |    89 ||   297
       War axe           |     1 |       |       |       |       |       |       ||     1
       Broad axe         |       |       |    26 |   128 |   250 |   371 |   282 ||  1057
Throw: Javelin           |       |       |       |       |       |       |    29 ||    29
Invok: Berserk           |     1 |     1 |     2 |    10 |    10 |    20 |     5 ||    49
       Brothers in Arms  |       |       |       |       |     5 |     7 |    15 ||    27
       Trog's Hand       |       |       |       |       |     3 |     5 |     5 ||    13
Evoke: Phial of floods   |       |       |       |     1 |       |       |       ||     1
       Horn of Geryon    |       |       |       |       |       |       |     3 ||     3
       Box of beasts     |       |       |       |       |       |       |     1 ||     1
       Condenser vane    |       |       |       |       |       |       |     1 ||     1
  Use: Potion            |       |       |       |     1 |     5 |     6 |    27 ||    39
       Scroll            |       |       |       |       |     2 |     1 |     3 ||     6
 Stab: Invisible         |       |       |       |       |    13 |       |       ||    13
       Distracted        |       |       |       |       |       |     2 |     4 ||     6
Armor: Scale mail        |    14 |       |       |    27 |     5 |       |       ||    46
       Chain mail        |     3 |    13 |    16 |     7 |       |       |       ||    39
       Gold dragon scale |       |       |       |       |    24 |   147 |   155 ||   326
Dodge: Dodged            |    11 |     2 |    20 |    59 |    64 |    89 |    85 ||   330
Block: Kite shield       |    17 |    12 |    18 |    68 |    39 |       |       ||   154
       Tower shield      |       |       |       |       |   132 |   387 |   387 ||   906
       Reflection        |       |       |       |       |       |    14 |     4 ||    18

Table legend: (Time is in decaauts) A = Elapsed time spent in this place. B = Non-inter-level travel time spent in this place. C = Inter-level travel time spent in this place. D = Time resting spent in this place. E = Time spent auto-exploring this place. F = Levels seen in this place. G = Mean time per level. A B C D E F G +--------+--------+--------+--------+--------+-----+--------+ Total | 13399 | 13341 | 58 | 9004 | 105 | 1 | 13399.0 | Dungeon | 13399 | 13341 | 58 | 9004 | 105 | 1 | 13399.0 | +--------+--------+--------+--------+--------+-----+--------+

Top non-repeatable levels by time:
       D: 13399 daAuts
